 Dungeon Sprint DCSS version 0.17.1-3-g152610e (webtiles) character file.

17987 Kokonut the Wrestler (level 12, -16/204 HPs)
             Began as a Troll Berserker on Mar 12, 2016.
             Was the Champion of Trog.
             Demolished by an azure jelly (37 damage)
             ... in the Dungeon (Sprint III: "The Ten Rune Challenge").
             The game lasted 00:16:38 (1700 turns).

Kokonut the Wrestler (Troll Berserker)              Turns: 1700, Time: 00:16:38

Health: -16/204    AC:  7    Str: 34    XL:     12   Next: 23%
Magic:  11/11      EV: 16    Int:  3    God:    Trog [******]
Gold:   36         SH:  0    Dex: 12    Spells: 0 memorised, 11 levels left

rFire  . . .     SeeInvis .       - Unarmed
rCold  . . .     Clarity  .     a - +0 animal skin
rNeg   . . .     SustAt   .     (no shield)
rPois  .         Gourm    +     F - +2 hat {MR+}
rElec  .         Spirit   .     (no cloak)
rCorr  .         Warding  .     (gloves unavailable)
rMut   .         NoTele   +     (boots unavailable)
MR     +....                    (no amulet)
Stlth  ..........               (no ring)
                                (no ring)

@: berserking, very quick, somewhat resistant to hostile enchantments, extremely
unstealthy
A: unfitting armour, claws 3, fast metabolism 3, gourmand, regeneration 2,
shaggy fur 1, tough skin 2
a: Berserk, Trog's Hand, Brothers in Arms, Burn Spellbooks, Renounce Religion


You were in the Dungeon.
You worshipped Trog.
Trog was exalted by your worship.
You were very full.

You visited 1 branch You collected 36 gold pieces.

Inventory:

Hand Weapons
 i - a +3 trident of venom
 w - a +3 quarterstaff of crushing
 A - a +5 hand crossbow of evasion
 B - a +1 antimagic great mace
 C - a +5 antimagic executioner's axe
 D - a +6 dagger of venom
 E - a +2 antimagic dire flail
 H - a +6 lajatang of venom
Missiles
 k - 17 silver bolts
Armour
 a - a +0 animal skin (worn)
 F - a +2 hat of magic resistance (worn)
Wands
 x - a wand of slowing (27)
Scrolls
 h - a scroll of blinking
 m - a scroll of torment {unknown}
 n - a scroll of amnesia {unknown}
 o - a scroll of remove curse {unknown}
 r - a scroll of holy word {unknown}
 s - 2 scrolls of identify {unknown}
 t - a scroll of fog {unknown}
Potions
 d - 2 potions of heal wounds
 e - a potion of haste
 f - 2 potions of magic
 g - a potion of berserk rage
 l - 3 potions of mutation {unknown}
 p - 3 potions of cure mutation
 q - 2 potions of lignification {unknown}
 v - 2 potions of flight
 G - a potion of curing
Miscellaneous
 y - a disc of storms
Comestibles
 b - 3 bread rations
 c - 2 chunks of flesh
 j - a beef jerky
 u - a fruit
 z - 26 royal jellies


   Skills:
 + Level 13.0 Fighting
 + Level 13.4 Dodging
 - Level 0.3 Stealth
 + Level 21.1 Unarmed Combat


You had 11 spell levels left.
You didn't know any spells.

Dungeon Overview and Level Annotations

Branches:
Dungeon (1/1)

Altars:
Cheibriados
Dithmenos
Elyvilon
Fedhas
Gozag
Kikubaaqudgha
Makhleb
Nemelex Xobeh
Okawaru
Qazlal
Ru
Sif Muna
Trog
Vehumet
Xom
Yredelemnul
Zin
The Shining One
Jiyva
Lugonu


Innate Abilities, Weirdness & Mutations

You are too large for most types of armour.
You have claws for hands.
Your metabolism is lightning-fast.
You like to eat raw meat.
You heal very quickly.
You are covered in fur (AC +1).
You have very tough skin (AC +2).


Message History

* * * LOW HITPOINT WARNING * * *
The azure jelly closely misses you. The azure jelly hits you!
* * * LOW HITPOINT WARNING * * *
The azure jelly freezes you!!
* * * LOW HITPOINT WARNING * * *
The azure jelly hits you.
* * * LOW HITPOINT WARNING * * *
The azure jelly splashes around in the water.
You barely miss the azure jelly.
The azure jelly is moderately wounded.
The azure jelly splashes around in the water.
The azure jelly hits the plant but does no damage.
The azure jelly hits the plant!
The azure jelly hits the plant but does no damage. x2
The azure jelly hits the plant.
The azure jelly freezes the plant!!!
The azure jelly hits the plant. x2
The azure jelly hits you.
* * * LOW HITPOINT WARNING * * *
The azure jelly freezes you!!!
You die...

▓..P#≈.§§§§≈≈≈♣♣.≈≈≈≈'♣♣
▓.PP#≈≈§§§§§≈.÷'.....#%≈
▓.†P#..≈§≈§§..♣♣♣♣♣♣♣#..
▓...#≈.§≈§≈≈.≈♣ ###
▓##+####)#######♣
...............♣♣
▓#+#############'♣
▓...#JP....%÷....♣
▓...'JJ@..########♣♣
▓...#≈J≈..÷.......P♣
▓...#≈≈≈≈P÷÷......P♣
#+#############+####
#.♣♣ #♣.♣ ♣.♣♣ ♣♣.♣ ♣≈♣♣


You could see 4 azure jellies.

Vanquished Creatures
  Rupert (D)
  Gastronok (D)
  Wiglaf (D)
  2 dire elephants (D)
  Erolcha (D)
  4 death yaks (D)
  2 black mambas (D)
  2 elephants (D)
  2 spiny frogs (D)
  A komodo dragon (D)
  A fire drake (D)
  A deep elf priest (D)
  8 blink frogs (D)
  2 trapdoor spiders (D)
  A shadow (D)
  A redback (D)
  3 wandering mushrooms (D)
  2 hill giants (D)
  A spatial vortex (D)
  A necrophage (D)
  A swamp drake (D)
  3 two-headed ogres (D)
  A water elemental (D)
  A scorpion (D)
  11 killer bees (D)
  A jelly (D)
  Jessica (D)
  A wizard (D)
  A necromancer (D)
  A kobold demonologist (D)
  3 humans (D)
  3 rats (D)
  2 plants (D)
68 creatures vanquished.

Vanquished Creatures (collateral kills)
  Frances (D)
  A queen bee (D)
  21 killer bees (D)
23 creatures vanquished.

Vanquished Creatures (others)
  2 draconian scorchers (D)
  A yaktaur (D)
  2 orc high priests (D)
  2 orc priests (D)
  16 plants (D)
23 creatures vanquished.

Grand Total: 114 creatures vanquished

Notes
Turn   | Place    | Note
--------------------------------------------------------------
     0 | D        | Kokonut the Troll Berserker began the quest for the Orb.
     0 | D        | Reached XP level 1. HP: 22/22 MP: 0/0
    34 | D        | Reached ** piety under Trog
    38 | D        | Noticed Jessica
    42 | D        | Killed Jessica
    42 | D        | Reached skill level 5 in Unarmed Combat
    42 | D        | Reached XP level 2. HP: 28/31 MP: 1/1
    54 | D        | Noticed a scorpion
    63 | D        | Reached *** piety under Trog
    63 | D        | Reached XP level 3. HP: 36/39 MP: 2/2
    67 | D        | Killed a scorpion
    67 | D        | Reached skill level 6 in Unarmed Combat
    67 | D        | Reached XP level 4. HP: 41/48 MP: 3/3
    67 | D        | Killed a yaktaur
    93 | D        | Noticed a water elemental
    97 | D        | Killed a water elemental
    97 | D        | Reached skill level 5 in Dodging
    97 | D        | Reached skill level 8 in Unarmed Combat
    97 | D        | Reached XP level 5. HP: 55/55 MP: 4/4
   136 | D        | Found a radiant altar of Vehumet.
   136 | D        | Found a deep blue altar of Sif Muna.
   136 | D        | Found an ancient bone altar of Kikubaaqudgha.
   136 | D        | Noticed a wizard
   140 | D        | Killed a wizard
   140 | D        | Reached skill level 5 in Fighting
   141 | D        | Reached **** piety under Trog
   146 | D        | Reached ***** piety under Trog
   152 | D        | Found a glowing silver altar of Zin.
   152 | D        | Found a glowing golden altar of the Shining One.
   152 | D        | Found a white marble altar of Elyvilon.
   153 | D        | Noticed a deep elf priest
   159 | D        | Killed a deep elf priest
   159 | D        | Reached skill level 10 in Unarmed Combat
   159 | D        | Reached XP level 6. HP: 54/67 MP: 5/5
   167 | D        | Found an iron altar of Okawaru.
   167 | D        | Found a bloodstained altar of Trog.
   167 | D        | Noticed a human
   168 | D        | Noticed a human
   177 | D        | Killed a human
   177 | D        | Received a gift from Trog
   177 | D        | Reached skill level 11 in Unarmed Combat
   177 | D        | Reached XP level 7. HP: 29/76 MP: 6/6
   182 | D        | Killed a human
   204 | D        | Killed a white draconian scorcher
   258 | D        | Found a basalt altar of Yredelemnul.
   258 | D        | Found a snail-covered altar of Cheibriados.
   258 | D        | Found a blossoming altar of Fedhas.
   258 | D        | Noticed a necrophage
   258 | D        | Noticed a necromancer
   260 | D        | Killed a necromancer
   262 | D        | Killed a necrophage
   262 | D        | Reached skill level 12 in Unarmed Combat
   269 | D        | Noticed a jelly
   270 | D        | Noticed a shadow
   272 | D        | Killed a shadow
   274 | D        | Killed a jelly
   281 | D        | Found a stormy altar of Qazlal.
   282 | D        | Found a sacrificial altar of Ru.
   282 | D        | Found a burning altar of Makhleb.
   282 | D        | Found a viscous altar of Jiyva.
   282 | D        | Found a shimmering altar of Xom.
   282 | D        | Found a shadowy altar of Dithmenos.
   282 | D        | Found a sparkling altar of Nemelex Xobeh.
   282 | D        | Found a corrupted altar of Lugonu.
   282 | D        | Found an opulent altar of Gozag.
   282 | D        | Noticed a spatial vortex
   285 | D        | Killed a spatial vortex
   285 | D        | Reached XP level 8. HP: 87/87 MP: 7/7
   292 | D        | Killed a white draconian scorcher
   298 | D        | Noticed a two-headed ogre
   298 | D        | Noticed a two-headed ogre
   302 | D        | Killed a two-headed ogre
   307 | D        | Killed a two-headed ogre
   307 | D        | Reached skill level 13 in Unarmed Combat
   313 | D        | Noticed a two-headed ogre
   318 | D        | Killed a two-headed ogre
   360 | D        | Noticed a hill giant
   365 | D        | Killed a hill giant
   420 | D        | Noticed a hill giant
   420 | D        | Noticed Erolcha
   434 | D        | Killed Erolcha
   434 | D        | Reached skill level 14 in Unarmed Combat
   434 | D        | Reached XP level 9. HP: 37/97 MP: 8/8
   441 | D        | Killed a hill giant
   441 | D        | Reached ****** piety under Trog
   442 | D        | Noticed a redback
   579 | D        | Killed a redback
   581 | D        | Noticed a trapdoor spider
   585 | D        | Killed a trapdoor spider
   585 | D        | Reached skill level 15 in Unarmed Combat
   591 | D        | Noticed a wandering mushroom
   616 | D        | Noticed Wiglaf
   616 | D        | Noticed Frances
   623 | D        | Killed Wiglaf
   623 | D        | Reached skill level 10 in Dodging
   623 | D        | Reached skill level 16 in Unarmed Combat
   626 | D        | Killed Frances
   626 | D        | Reached XP level 10. HP: 25/110 MP: 9/9
   685 | D        | Noticed a yaktaur captain
   685 | D        | Noticed a yaktaur captain
   685 | D        | Noticed an orc priest
   686 | D        | Noticed an orc high priest
   687 | D        | Noticed an orc high priest
   721 | D        | Killed an orc priest
   723 | D        | Killed an orc priest
   728 | D        | Killed an orc high priest
   750 | D        | Killed an orc high priest
   870 | D        | Noticed a trapdoor spider
   874 | D        | Killed a trapdoor spider
   874 | D        | Reached skill level 10 in Fighting
   979 | D        | Noticed a killer bee
   979 | D        | Noticed a killer bee
   979 | D        | Noticed a killer bee
   979 | D        | Noticed a killer bee
   979 | D        | Noticed a killer bee
   979 | D        | Noticed a killer bee
   979 | D        | Noticed a killer bee
   979 | D        | Noticed a killer bee
   979 | D        | Noticed a killer bee
   979 | D        | Noticed a killer bee
   979 | D        | Noticed a killer bee
   979 | D        | Noticed a killer bee
   979 | D        | Noticed a killer bee
   979 | D        | Noticed a killer bee
   979 | D        | Noticed a killer bee
   980 | D        | Noticed a queen bee
   980 | D        | Noticed a killer bee
   981 | D        | Noticed a killer bee
   981 | D        | Noticed a killer bee
   982 | D        | Noticed a killer bee
   982 | D        | Killed a killer bee
   982 | D        | Received a gift from Trog
   983 | D        | Noticed a killer bee
   983 | D        | Killed a killer bee
   983 | D        | Reached skill level 17 in Unarmed Combat
   984 | D        | Noticed a killer bee
   985 | D        | Killed a killer bee
   986 | D        | Noticed a killer bee
   986 | D        | Noticed a killer bee
   986 | D        | Killed a killer bee
   987 | D        | Killed a killer bee
   988 | D        | Killed a killer bee
   988 | D        | Received a gift from Trog
   989 | D        | Killed a killer bee
   990 | D        | Noticed a killer bee
   990 | D        | Killed a killer bee
   991 | D        | Killed a killer bee
   991 | D        | Killed a killer bee
   992 | D        | Noticed a killer bee
   992 | D        | Noticed a killer bee
   992 | D        | Noticed a killer bee
   992 | D        | Noticed a killer bee
   992 | D        | Noticed a killer bee
   992 | D        | Noticed a killer bee
   992 | D        | Noticed a killer bee
   992 | D        | Noticed a killer bee
   993 | D        | Killed a killer bee
   995 | D        | Killed a killer bee
   996 | D        | Killed a killer bee
   996 | D        | Killed a killer bee
   999 | D        | Killed a killer bee
  1001 | D        | Killed a killer bee
  1001 | D        | Received a gift from Trog
  1001 | D        | Killed a killer bee
  1002 | D        | Killed a killer bee
  1003 | D        | Killed a killer bee
  1003 | D        | Killed a killer bee
  1005 | D        | Killed a killer bee
  1006 | D        | Killed a killer bee
  1007 | D        | Killed a killer bee
  1008 | D        | Killed a killer bee
  1008 | D        | Received a gift from Trog
  1013 | D        | Killed a killer bee
  1017 | D        | Killed a killer bee
  1021 | D        | Killed a killer bee
  1022 | D        | Killed a killer bee
  1024 | D        | Killed a killer bee
  1025 | D        | Killed a killer bee
  1026 | D        | Killed a killer bee
  1028 | D        | Killed a queen bee
  1030 | D        | Killed a killer bee
  1106 | D        | Noticed a wandering mushroom
  1108 | D        | Noticed a wandering mushroom
  1116 | D        | Killed a wandering mushroom
  1123 | D        | Killed a wandering mushroom
  1131 | D        | Killed a wandering mushroom
  1137 | D        | Noticed a spiny frog
  1137 | D        | Noticed a komodo dragon
  1137 | D        | Noticed a spiny frog
  1144 | D        | Killed a komodo dragon
  1144 | D        | Received a gift from Trog
  1147 | D        | Killed a spiny frog
  1147 | D        | Reached skill level 18 in Unarmed Combat
  1150 | D        | Killed a spiny frog
  1254 | D        | Noticed a redback
  1260 | D        | Noticed a swamp drake
  1260 | D        | Noticed a fire drake
  1263 | D        | Killed a fire drake
  1271 | D        | Killed a swamp drake
  1299 | D        | Noticed a blink frog
  1300 | D        | Noticed a blink frog
  1301 | D        | Noticed a blink frog
  1302 | D        | Noticed a blink frog
  1304 | D        | Noticed a blink frog
  1304 | D        | Killed a blink frog
  1308 | D        | Killed a blink frog
  1316 | D        | Killed a blink frog
  1316 | D        | Reached XP level 11. HP: 113/120 MP: 10/10
  1323 | D        | Killed a blink frog
  1325 | D        | Killed a blink frog
  1325 | D        | Received a gift from Trog
  1349 | D        | Noticed an elephant
  1349 | D        | Noticed an elephant
  1350 | D        | Noticed a dire elephant
  1353 | D        | Noticed a dire elephant
  1353 | D        | Noticed Gastronok
  1354 | D        | Killed an elephant
  1362 | D        | Killed a dire elephant
  1362 | D        | Reached skill level 19 in Unarmed Combat
  1363 | D        | Killed an elephant
  1371 | D        | Killed a dire elephant
  1379 | D        | Killed Gastronok
  1382 | D        | Noticed an azure jelly
  1382 | D        | Noticed an azure jelly
  1382 | D        | Noticed an azure jelly
  1421 | D        | Noticed Rupert
  1428 | D        | Killed Rupert
  1428 | D        | Reached skill level 20 in Unarmed Combat
  1470 | D        | Noticed a death yak
  1471 | D        | Noticed a death yak
  1471 | D        | Noticed a blink frog
  1475 | D        | Noticed a death yak
  1477 | D        | Killed a death yak
  1479 | D        | Noticed a blink frog
  1481 | D        | Noticed a death yak
  1482 | D        | Noticed a blink frog
  1482 | D        | Killed a death yak
  1482 | D        | Received a gift from Trog
  1482 | D        | Reached XP level 12. HP: 133/133 MP: 11/11
  1487 | D        | Killed a death yak
  1491 | D        | Killed a blink frog
  1495 | D        | Killed a blink frog
  1496 | D        | Noticed a black mamba
  1496 | D        | Noticed a black mamba
  1497 | D        | Killed a black mamba
  1501 | D        | Killed a black mamba
  1501 | D        | Reached skill level 21 in Unarmed Combat
  1503 | D        | Killed a death yak
  1506 | D        | Killed a blink frog
  1574 | D        | Noticed an ice dragon
  1690 | D        | Noticed an azure jelly
  1700 | D        | Demolished by an azure jelly

Action                   |  1- 3 |  4- 6 |  7- 9 | 10-12 || total
-------------------------+-------+-------+-------+-------++-------
Melee: Unarmed           |    18 |    21 |    66 |   128 ||   233
Invok: Berserk           |       |     1 |     2 |     5 ||     8
       Burn Spellbooks   |       |     2 |       |       ||     2
       Brothers in Arms  |       |       |     1 |     3 ||     4
       Trog's Hand       |       |       |       |     1 ||     1
  Use: Potion            |       |       |       |     1 ||     1
 Stab: Distracted        |       |       |       |     1 ||     1
  Eat: Chunk             |       |     4 |     9 |    16 ||    29
